3L
LAS VEGAS FLAMINGOS @ VANCOUVER GREY WOLVES
08/03/2042
 
TOP OF THE 1ST
Las Vegas Flamingos batting - Pitching for Vancouver Grey Wolves : RHP Johnny Jones
Pitching: RHP Johnny Jones
Batting: LHB Dirk Horwedel 0-0: Foul Ball, location: 2F
0-1: Foul Ball, location: 2F
0-2: Ball
1-2: Foul Ball, location: 2F
1-2: Foul Ball, location: 2F
1-2: Strikes out swinging
Batting: LHB Lewis N. Clark 0-0: Swinging Strike
0-1: Foul Ball, location: 2F
0-2: Foul Ball, location: 2F
0-2: Strikes out looking
Batting: LHB Chan-ho Shinn 0-0: Foul Ball, location: 2F
0-1: Ball
1-1: Ball
2-1: Called Strike
2-2: Ball
3-2: Foul Ball, location: 2F
3-2: Base on Balls
Batting: LHB Joo-Chan Park 0-0: Ball
1-0: Ground out 1-3 (Groundball, P, EV 71.2 MPH)
Top of the 1st over - 0 runs, 0 hits, 0 errors, 1 left on base; Las Vegas 0 - Vancouver 0
BOTTOM OF THE 1ST
Vancouver Grey Wolves batting - Pitching for Las Vegas Flamingos : RHP Eddie Kop
Pitching: RHP Eddie Kop
Batting: SHB Willie McGirt 0-0: Called Strike
0-1: Swinging Strike
0-2: Foul Ball, location: 2F
0-2: Ball
1-2: Foul Ball, location: 2F
1-2: Ground out 1-3 (Groundball, 13S, EV 70.0 MPH)
Batting: RHB Rafael Maldonado 0-0: Ball
1-0: Ground out 3-1 (Groundball, 34, EV 103.8 MPH)
Batting: SHB John Hawley 0-0: Called Strike
0-1: Ball
1-1: Ground out 4-3 (Groundball, 4, EV 90.0 MPH)
Bottom of the 1st over - 0 runs, 0 hits, 0 errors, 0 left on base; Las Vegas 0 - Vancouver 0
TOP OF THE 2ND
Las Vegas Flamingos batting - Pitching for Vancouver Grey Wolves : RHP Johnny Jones
Batting: RHB Ernest Lesley 0-0: Ball
1-0: Foul Ball, location: 2F
1-1: Ball
2-1: Swinging Strike
2-2: Foul Ball, location: 2F
2-2: Ball
3-2: Base on Balls
Batting: LHB Braxton Cottongame 0-0: Foul Ball, location: 2F
0-1: Ball
1-1: Foul Ball, location: 2F
1-2: Ball
2-2: Foul Ball, location: 2F
2-2: Grounds into double play, 4-6-3 (Groundball, 4, EV 106.9 MPH)
Batting: RHB Esteban León 0-0: Called Strike
0-1: Fly out, F7 (Flyball, 78S, EV 81.2 MPH)
Top of the 2nd over - 0 runs, 0 hits, 0 errors, 0 left on base; Las Vegas 0 - Vancouver 0
BOTTOM OF THE 2ND
Vancouver Grey Wolves batting - Pitching for Las Vegas Flamingos : RHP Eddie Kop
Batting: LHB José Arras 0-0: Ball
1-0: Foul Ball, location: 2F
1-1: Called Strike
1-2: Ball
2-2: Foul Ball, location: 2F
2-2: Ball
3-2: Fly out, F6 (Popup, 6MS, EV 67.5 MPH)
Batting: RHB José Torres 0-0: Fly out, F8 (Flyball, 8LS, EV 72.5 MPH)
Batting: LHB Javier Caceres 0-0: SINGLE (Groundball, 34, EV 101.2 MPH)
Batting: RHB David Stone 0-0: Ball
1-0: Ball
2-0: DOUBLE (Line Drive, 89M, EV 106.2 MPH)
Javier Caceres to third
Runner from 3rd tries for Home, SAFE, throw by RF to home
Batting: LHB Cameron Woolever 0-0: Ball
1-0: Ground out U3 (Groundball, 3, EV 78.1 MPH)
Bottom of the 2nd over - 1 run, 2 hits, 0 errors, 1 left on base; Las Vegas 0 - Vancouver 1
TOP OF THE 3RD
Las Vegas Flamingos batting - Pitching for Vancouver Grey Wolves : RHP Johnny Jones
Batting: LHB Adrián Gómez 0-0: Called Strike
0-1: Ball
1-1: Ball
2-1: Ball
3-1: Ground out 1-3 (Groundball, 13, EV 61.9 MPH)
Batting: RHB Cisco Feijoo 0-0: Ball
1-0: Swinging Strike
1-1: Called Strike
1-2: Foul Ball, location: 2F
1-2: Ball
2-2: Ball
3-2: Base on Balls
Batting: LHB Dirk Horwedel 0-0: Foul Ball, location: 2F
0-1: Ball
1-1: Ball
2-1: Ball
3-1: Called Strike
3-2: Base on Balls
Cisco Feijoo to second
Batting: LHB Lewis N. Clark 0-0: Swinging Strike
0-1: Swinging Strike
0-2: Strikes out swinging
Batting: LHB Chan-ho Shinn 0-0: Ball
1-0: Foul Ball, location: 2F
1-1: Ball
2-1: Swinging Strike
2-2: SINGLE (Groundball, 56D, EV 106.9 MPH)
Cisco Feijoo to third
Dirk Horwedel to second
Runner from 3rd tries for Home, throw by LF and OUT! 7-2
Top of the 3rd over - 0 runs, 1 hit, 0 errors, 2 left on base; Las Vegas 0 - Vancouver 1
BOTTOM OF THE 3RD
Vancouver Grey Wolves batting - Pitching for Las Vegas Flamingos : RHP Eddie Kop
Batting: RHB Jimmy Scott 0-0: Foul Ball, location: 2F
0-1: Swinging Strike
0-2: Ball
1-2: Fly out, F7 (Flyball, 7D, EV 96.9 MPH)
Batting: SHB Willie McGirt 0-0: Ball
1-0: Foul Ball, location: 2F
1-1: Called Strike
1-2: Foul Ball, location: 2F
1-2: Ball
2-2: Ball
3-2: Fly out, F8 (Flyball, 8LM, EV 94.4 MPH)
Batting: RHB Rafael Maldonado 0-0: Ball
1-0: Ball
2-0: Ball
3-0: Called Strike
3-1: SINGLE (Flyball, 78S, EV 96.9 MPH) - OUT at second base trying to stretch hit.
Bottom of the 3rd over - 0 runs, 1 hit, 0 errors, 0 left on base; Las Vegas 0 - Vancouver 1
TOP OF THE 4TH
Las Vegas Flamingos batting - Pitching for Vancouver Grey Wolves : RHP Johnny Jones
Batting: LHB Joo-Chan Park 0-0: Foul Ball, location: 2F
0-1: Ball
1-1: Foul Ball, location: 2F
1-2: Strikes out swinging
Batting: RHB Ernest Lesley 0-0: Called Strike
0-1: Ball
1-1: Fly out, F9 (Flyball, 9, EV 90.6 MPH)
Batting: LHB Braxton Cottongame 0-0: Ball
1-0: Called Strike
1-1: Swinging Strike
1-2: Ball
2-2: Strikes out swinging
Top of the 4th over - 0 runs, 0 hits, 0 errors, 0 left on base; Las Vegas 0 - Vancouver 1
BOTTOM OF THE 4TH
Vancouver Grey Wolves batting - Pitching for Las Vegas Flamingos : RHP Eddie Kop
Batting: SHB John Hawley 0-0: Called Strike
0-1: Ground out U3 (Groundball, 34, EV 88.1 MPH)
Batting: LHB José Arras 0-0: Swinging Strike
0-1: Swinging Strike
0-2: Strikes out swinging passed ball, reaches first!
Batting: RHB José Torres 0-0: Ball
1-0: Called Strike
1-1: Ground out 3-1 (Groundball, 3, EV 82.5 MPH)
José Arras to second
Batting: LHB Javier Caceres 0-0: Ball
1-0: SINGLE (Groundball, 34D, EV 96.9 MPH)
José Arras to third
Runner from 3rd tries for Home, SAFE, no throw by RF
Batting: RHB David Stone 0-0: Ground out 4-3 (Groundball, 34, EV 85.0 MPH)
Bottom of the 4th over - 1 run, 1 hit, 0 errors, 1 left on base; Las Vegas 0 - Vancouver 2
TOP OF THE 5TH
Las Vegas Flamingos batting - Pitching for Vancouver Grey Wolves : RHP Johnny Jones
Batting: RHB Esteban León 0-0: SINGLE (Line Drive, 6MD, EV 102.5 MPH)
Batting: LHB Adrián Gómez 0-0: Ball
1-0: Ball
2-0: Ball
3-0: Base on Balls
Esteban León to second
Batting: RHB Cisco Feijoo 0-0: SINGLE (Line Drive, 8LS, EV 90.0 MPH)
Esteban León to third
Adrián Gómez to second
Runner from 3rd tries for Home, throw by CF and OUT! 8-2
Batting: LHB Dirk Horwedel 0-0: Fly out, F4 (Line Drive, 4, EV 70.0 MPH)
Batting: LHB Lewis N. Clark 0-0: Ball
1-0: Called Strike
1-1: Foul Ball, location: 2F
1-2: Strikes out looking
Top of the 5th over - 0 runs, 2 hits, 0 errors, 2 left on base; Las Vegas 0 - Vancouver 2
BOTTOM OF THE 5TH
Vancouver Grey Wolves batting - Pitching for Las Vegas Flamingos : RHP Eddie Kop
Batting: LHB Cameron Woolever 0-0: Ball
1-0: Called Strike
1-1: Ball
2-1: Ball
3-1: Foul Ball, location: 2F
3-2: Foul Ball, location: 2F
3-2: Foul Ball, location: 2F
3-2: Ground out 4-3 (Groundball, 4, EV 81.2 MPH)
Batting: RHB Jimmy Scott 0-0: Called Strike
0-1: Ball
1-1: Called Strike
1-2: Ball
2-2: Foul Ball, location: 2F
2-2: Hit by Pitch
Batting: SHB Willie McGirt 0-0: Ball
1-0: Foul Ball, location: 2F
1-1: Swinging Strike
1-2: Ball
2-2: Fielders Choice at 2nd, 1-6 (Groundball, 13, EV 71.2 MPH)
Batting: RHB Rafael Maldonado 0-0: Ball
1-0: Ball
2-0: Called Strike
2-1: Ball
3-1: Swinging Strike
3-2: Foul Ball, location: 2F
3-2: Base on Balls
Willie McGirt to second
Batting: SHB John Hawley 0-0: Fielders Choice at 2nd, 6-4 (Groundball, 6, EV 90.0 MPH)
Bottom of the 5th over - 0 runs, 0 hits, 0 errors, 2 left on base; Las Vegas 0 - Vancouver 2
TOP OF THE 6TH
Las Vegas Flamingos batting - Pitching for Vancouver Grey Wolves : RHP Johnny Jones
Batting: LHB Chan-ho Shinn 0-0: Called Strike
0-1: Ball
1-1: Ground out 4-3 (Groundball, 4, EV 85.0 MPH)
Batting: LHB Joo-Chan Park 0-0: Foul Ball, location: 2F
0-1: Ball
1-1: Swinging Strike
1-2: Foul Ball, location: 2F
1-2: Strikes out swinging
Batting: RHB Ernest Lesley 0-0: Ball
1-0: Called Strike
1-1: Ball
2-1: Fly out, F9 (Line Drive, 9, EV 106.2 MPH)
Top of the 6th over - 0 runs, 0 hits, 0 errors, 0 left on base; Las Vegas 0 - Vancouver 2
BOTTOM OF THE 6TH
Vancouver Grey Wolves batting - Pitching for Las Vegas Flamingos : RHP Eddie Kop
Batting: LHB José Arras 0-0: Called Strike
0-1: Ball
1-1: Ball
2-1: Foul Ball, location: 2F
2-2: Foul Ball, location: 2F
2-2: Ball
3-2: SINGLE (Groundball, 3D, EV 103.8 MPH)
Batting: RHB José Torres 0-0: Ball
1-0: Foul Ball, location: 2F
1-1: Swinging Strike
1-2: Ball
2-2: SINGLE (Groundball, 6D, EV 108.1 MPH)
José Arras to second
Batting: LHB Javier Caceres 0-0: Ball
1-0: SINGLE (Line Drive, 89S, EV 111.2 MPH)
José Arras to third
José Torres to second
Pitching: LHP Javier Desdin
Batting: RHB David Stone 0-0: Called Strike
0-1: Ball
1-1: Foul Ball, location: 2F
1-2: Ball
2-2: Ball
3-2: DOUBLE (Flyball, 78XD, EV 104.4 MPH)
José Arras scores
José Torres scores
Javier Caceres to third
Batting: LHB Cameron Woolever 0-0: SINGLE (Groundball, 34D, EV 94.4 MPH)
Javier Caceres scores
David Stone to third
Batting: RHB Jimmy Scott 0-0: Ball
Cameron Woolever steals 2nd base (no throw)
1-0: Ball
2-0: Ball
3-0: Called Strike
3-1: Fly out, F4 (Popup, 34S, EV 74.4 MPH)
Batting: SHB Willie McGirt 0-0: Called Strike
0-1: Ball
1-1: Foul Ball, location: 2F
1-2: Ball
2-2: Foul Ball, location: 2F
2-2: Fly out, F3 (Line Drive, 3, EV 62.5 MPH)
Batting: RHB Rafael Maldonado 0-0: Ball
1-0: Ground out 6-3 (Groundball, 6, EV 85.0 MPH)
Bottom of the 6th over - 3 runs, 5 hits, 0 errors, 2 left on base; Las Vegas 0 - Vancouver 5
TOP OF THE 7TH
Las Vegas Flamingos batting - Pitching for Vancouver Grey Wolves : RHP Johnny Jones
Pitching: RHP Ray Skipworth
Batting: LHB Braxton Cottongame 0-0: Ball
1-0: Called Strike
1-1: Called Strike
1-2: Fly out, F9 (Flyball, 9S, EV 91.2 MPH)
Batting: RHB Esteban León 0-0: Ground out 5-3 (Groundball, 56S, EV 81.9 MPH)
Batting: LHB Adrián Gómez 0-0: Ball
1-0: Foul Ball, location: 2F
1-1: Ground out U3 (Groundball, 3, EV 100.0 MPH)
Top of the 7th over - 0 runs, 0 hits, 0 errors, 0 left on base; Las Vegas 0 - Vancouver 5
BOTTOM OF THE 7TH
Vancouver Grey Wolves batting - Pitching for Las Vegas Flamingos : LHP Javier Desdin
Batting: SHB John Hawley 0-0: Ball
1-0: Called Strike
1-1: Ground out 5-3 (Groundball, 56S, EV 86.9 MPH)
Batting: LHB José Arras 0-0: Ball
1-0: Ball
2-0: Foul Ball, location: 2F
2-1: Ball
3-1: Base on Balls
Pitching: RHP Munoto Morishita
Batting: RHB José Torres 0-0: Ball
1-0: Ball
2-0: Ball
3-0: Called Strike
3-1: Fly out, F7 (Flyball, 7LM, EV 87.5 MPH)
Batting: LHB Javier Caceres 0-0: Ball
1-0: Ball
2-0: Called Strike
2-1: 2-RUN HOME RUN (Line Drive, 9D, EV 98.8 MPH), Distance : 359 ft
Batting: RHB David Stone 0-0: Foul Ball, location: 2F
0-1: Fly out, F7 (Line Drive, 7, EV 91.2 MPH)
Bottom of the 7th over - 2 runs, 1 hit, 0 errors, 0 left on base; Las Vegas 0 - Vancouver 7
TOP OF THE 8TH
Las Vegas Flamingos batting - Pitching for Vancouver Grey Wolves : RHP Ray Skipworth
Batting: RHB Cisco Feijoo 0-0: Ball
1-0: Ball
2-0: Ground out 1-3 (Groundball, 13S, EV 70.0 MPH)
Batting: LHB Dirk Horwedel 0-0: Ball
1-0: Called Strike
1-1: Called Strike
1-2: Ball
2-2: Strikes out swinging
Batting: LHB Lewis N. Clark 0-0: Ball
1-0: Foul Ball, location: 2F
1-1: Swinging Strike
1-2: Foul Ball, location: 2F
1-2: Foul Ball, location: 2F
1-2: Ball
2-2: Ball
3-2: Strikes out swinging
Top of the 8th over - 0 runs, 0 hits, 0 errors, 0 left on base; Las Vegas 0 - Vancouver 7
BOTTOM OF THE 8TH
Vancouver Grey Wolves batting - Pitching for Las Vegas Flamingos : RHP Munoto Morishita
Pinch Hitting: LHB Nate Hodges 0-0: Foul Ball, location: 2F
0-1: Ball
1-1: DOUBLE (Groundball, 3L, EV 107.5 MPH)
Batting: RHB Jimmy Scott 0-0: Called Strike
0-1: Ball
1-1: Called Strike
1-2: Strikes out looking
Batting: SHB Willie McGirt 0-0: Foul Ball, location: 2F
0-1: Foul Ball, location: 2F
0-2: Ball
1-2: Ball
2-2: Ball
3-2: SINGLE (Groundball, 4D, EV 102.5 MPH)
Nate Hodges to third
Runner from 3rd tries for Home, SAFE, no throw by RF
Pitching: RHP Ingo Abresch
Batting: RHB Rafael Maldonado 0-0: Swinging Strike
0-1: Foul Ball, location: 2F
0-2: Strikes out swinging
Batting: SHB John Hawley 0-0: Fly out, F7 (Flyball, 78D, EV 99.4 MPH)
Bottom of the 8th over - 1 run, 2 hits, 0 errors, 1 left on base; Las Vegas 0 - Vancouver 8
TOP OF THE 9TH
Las Vegas Flamingos batting - Pitching for Vancouver Grey Wolves : RHP Ray Skipworth
Now in RF: Nate Hodges
Batting: LHB Chan-ho Shinn 0-0: Ground out 6-3 (Groundball, 6, EV 82.5 MPH)
Pinch Hitting: LHB Lao Tian 0-0: Ball
1-0: Ground out 4-3 (Groundball, 4, EV 88.8 MPH)
Batting: RHB Ernest Lesley 0-0: Called Strike
0-1: Fly out, F7 (Flyball, 7D, EV 88.8 MPH)
Top of the 9th over - 0 runs, 0 hits, 0 errors, 0 left on base; Las Vegas 0 - Vancouver 8
Friday, March 26th, 2021 - OOTP Baseball 20.8 Build 74